 Dungeon Crawl Stone Soup version 0.29.0-4-gdea44cf6ec (webtiles) character file.

Game seed: 1286856501522240027

42 qw the Chopper (level 3, 0/21 HPs)
             Began as a Tengu Warper on Aug 28, 2022.
             Succumbed to their own poison gas
             ... on level 1 of the Dungeon.
             The game lasted 00:00:07 (1681 turns).

qw the Chopper (Tengu Warper)                       Turns: 1681, Time: 00:00:07

Health: 0/21       AC:  8    Str: 13    XL:     3   Next: 54%
Magic:  7/7        EV: 11    Int: 13    God:
Gold:   27         SH:  0    Dex: 13    Spells: 6/6 levels left

rFire   . . .      SeeInvis .   Y - +0 hand axe
rCold   . . .      Faith    .   (no shield)
rNeg    . . .      Spirit   .   f - +0 ring mail
rPois   .          Reflect  .   h - +1 hat
rElec   .          Harm     .   i - +1 cloak
rCorr   .          Rampage  .   (no gloves)
Will    .....                   (boots unavailable)
Stlth   +.........              (no amulet)
HPRegen 0.07/turn               (no ring)
MPRegen 0.10/turn               (no ring)

@: lethally poisoned (0 -> -3)
A: beak, talons 3
a: no special abilities


You were on level 1 of the Dungeon.
You visited 1 branch of the dungeon, and saw 1 of its levels.

You collected 27 gold pieces.


Innate Abilities, Weirdness & Mutations

You have a beak for a mouth.
You have claws for feet.


   Skills:
 - Level 2.0 Fighting
 + Level 4.2 Axes
 - Level 1.0 Throwing
 - Level 1.1 Armour
 - Level 2.1 Dodging
 - Level 2.0 Spellcasting
 - Level 2.4 Translocations


You had 6 spell levels left.
You didn't know any spells.
Your spell library contained the following spells:

 Spells                   Type           Power      Damage    Failure   Level
 Blink                    Tloc           14%        N/A       30%         2
 Gell's Gravitas          Tloc           7%         N/A       52%         3
 Lesser Beckoning         Tloc           7%         N/A       52%         3
 Teleport Other           Tloc           7%         N/A       52%         3
 Manifold Assault         Tloc           7%         N/A       99%         5

Inventory:

Hand Weapons
 g - a +0 club
 Y - a +0 hand axe (weapon)
Armour
 f - a +0 ring mail (worn)
 h - a +1 hat (worn)
 i - a +1 cloak (worn)

Dungeon Overview and Level Annotations

Branches:
Dungeon (1/15)

Altars:


Message History

Your surroundings suddenly seem different.
Done exploring.
1670 ||| READING scroll labelled TAOFOSTR LOVOU.
The air fills with toxic fumes!
As you read the scroll labelled TAOFOSTR LOVOU, it crumbles to dust.
It was a scroll of poison.
Done exploring.
1671 ||| READING scroll labelled GIRICZ ZOFA.
As you read the scroll labelled GIRICZ ZOFA, it crumbles to dust.
It is a scroll of identify.
You don't have any unidentified items.
Done exploring.
1672 ||| DROPPING scroll of blinking.
You drop a scroll of blinking.
Done exploring.
(D) Dungeon
Where to? (* - list waypoints, ? - help)
What level of the Dungeon? (default 1, ? - help) Sorry, I don't know how to get there.
Done exploring.
1673 ||| Stepping randomly (stuck).
Really walk into that cloud of poison gas?
You are engulfed in poison gas.
You are poisoned.
You feel very sick.
1674 ||| Stepping ~*~*~tactically~*~*~ (cloud).
You feel very sick.
You see here a scroll of blinking.
There is a lethal amount of poison in your body!
You feel very sick.
There is a lethal amount of poison in your body!
You feel sick.
There is a lethal amount of poison in your body!
You feel sick.
There is a lethal amount of poison in your body!
You feel sick.
There is a lethal amount of poison in your body!
You feel sick.
There is a lethal amount of poison in your body!
You feel sick.
There is a lethal amount of poison in your body!
You die...

##.#####.####.# #.# #.
#.# #.# #.# #.# #. #.#
#.####.#####.# ######.
#.# #..¤¤........#
#...... #.#
####0######### #.#####
#.# #.# #.# # #.# #0#
#.# # #.# ##.## ####.# #
#.#######¤0@#######....#
#
#.%..0¤000#.000.....####
# #########...#####.###
# ##### #.# #
#.##########
#..........#
##########.# #.# #.#


There were no monsters in sight!

Vanquished Creatures
  5 dart slugs (D:1)
  An endoplasm (D:1)
  2 giant cockroaches (D:1)
  2 goblins (D:1)
  3 hobgoblins (D:1)
  4 jackals (D:1)
  5 ball pythons (D:1)
  2 frilled lizards (D:1)
  3 kobolds (D:1)
  2 rats (D:1)
29 creatures vanquished.

Vanquished Creatures (others)
  5 toadstools (D:1)
5 creatures vanquished.

Grand Total: 34 creatures vanquished

Notes
Turn   | Place    | Note
-------+----------+-------------------------------------------
     0 | D:1      | qw the Tengu Warper began the quest for the Orb.
     0 | D:1      | Reached XP level 1. HP: 12/12 MP: 4/4
     0 | D:1      | 0 ||| qw: Version: 0.1-a-89-g26bdef1
     0 | D:1      | 0 ||| qw: Game counter: 1694
     0 | D:1      | 0 ||| qw: Always use a shield: true
     0 | D:1      | 0 ||| qw: God list: Okawaru
     0 | D:1      | 0 ||| qw: Allow faded altars: false
     0 | D:1      | 0 ||| qw: Do Orc after D:15 true
     0 | D:1      | 0 ||| qw: Do second Lair branch before Depths: true
     0 | D:1      | 0 ||| qw: Lair rune preference: random
     0 | D:1      | 0 ||| qw: Plans: Normal
     0 | D:1      | 0 ||| PLANNING D:1-11
    61 | D:1      | 61 ||| Stepping ~*~*~tactically~*~*~ (stealth).
   119 | D:1      | Reached XP level 2. HP: 17/17 MP: 6/6
   119 | D:1      | 119 ||| Stepping ~*~*~tactically~*~*~ (hiding).
   122 | D:1      | Reached skill level 3 in Axes
   226 | D:1      | 226 ||| Stepping ~*~*~tactically~*~*~ (hiding).
   328 | D:1      | 328 ||| Stepping ~*~*~tactically~*~*~ (hiding).
   430 | D:1      | 430 ||| Stepping ~*~*~tactically~*~*~ (hiding).
   532 | D:1      | 532 ||| Stepping ~*~*~tactically~*~*~ (hiding).
   533 | D:1      | 533 ||| Stepping ~*~*~tactically~*~*~ (hiding).
   739 | D:1      | 739 ||| Stepping ~*~*~tactically~*~*~ (stealth).
   745 | D:1      | 745 ||| Stepping ~*~*~tactically~*~*~ (stealth).
   749 | D:1      | 749 ||| Stepping ~*~*~tactically~*~*~ (stealth).
   752 | D:1      | Reached XP level 3. HP: 19/21 MP: 7/7
   902 | D:1      | Reached skill level 4 in Axes
  1644 | D:1      | 1644 ||| UPGRADING to +0 ring mail.
  1654 | D:1      | 1654 ||| DROPPING +0 leather armour.
  1655 | D:1      | 1655 ||| UPGRADING to +1 hat.
  1660 | D:1      | 1660 ||| UPGRADING to +1 cloak.
  1665 | D:1      | 1665 ||| READING scroll labelled QAEBUS OWIA.
  1666 | D:1      | 1666 ||| READING scroll labelled MYBOPO PAORU.
  1670 | D:1      | 1670 ||| READING scroll labelled TAOFOSTR LOVOU.
  1671 | D:1      | 1671 ||| READING scroll labelled GIRICZ ZOFA.
  1672 | D:1      | 1672 ||| DROPPING scroll of blinking.
  1673 | D:1      | 1673 ||| Stepping randomly (stuck).
  1674 | D:1      | 1674 ||| Stepping ~*~*~tactically~*~*~ (cloud).
  1676 | D:1      | HP: 5/21 [poisoned by you (poison gas)]
  1678 | D:1      | HP: 2/21 [poisoned by you (poison gas)]
  1681 | D:1      | Succumbed to their own poison gas

Levels and vault maps discovered:
D:1:      ldierk_walled_garden, layout_loops_ring

Skill      XL: |  1  2  3 |
---------------+----------+-----
Axes           | 3 4 |  4.2
Fighting       | |  2.0
Throwing       | |  1.0
Armour         | |  1.1
Dodging        | |  2.1
Spellcasting   | |  2.0
Translocations | |  2.4

Action                   || total
-------------------------++-------
Melee: Hand axe          ||    73
       Kick              ||    17
       Peck              ||     6
Throw: Boomerang         ||     7
  Use: Scroll            ||     4
Armor: Leather armour    ||    16
Dodge: Dodged            ||    39

Table legend:
 A = Non-vault XP
 B = Vault XP
 C = Vault XP percentage of total XP
 D = Non-vault monster count
 E = Vault monster count
 F = Vault count percentage of total count
                 A         B        C        D         E       F
            +---------+---------+-------+---------+---------+-------
      Total |      60 |       0 |   0.0 |      29 |       0 |   0.0
            +---------+---------+-------+---------+---------+-------
        D:1 |      60 |       0 |   0.0 |      29 |       0 |   0.0
            +---------+---------+-------+---------+---------+-------
